 Dungeon Crawl Stone Soup version 0.30.0-29-ga12c61a403 (webtiles) character file.

Game seed: 10912528997268093462

60 ChadusMaximus the Caller (level 4, 0/30 HPs)
             Began as a Barachi Summoner on June 24, 2023.
             Slain by an orc wizard
             ... wielding a +0 dagger
              (2 damage)
             ... on level 3 of the Dungeon.
             The game lasted 00:02:34 (2166 turns).

ChadusMaximus the Caller (Barachi Summoner)         Turns: 2166, Time: 00:02:35

Health: 0/30       AC:  3    Str:  9    XL:     4   Next: 6%
Magic:  6/8        EV: 12    Int: 17    God:
Gold:   83         SH:  0    Dex: 13    Spells: 3/9 levels left

rFire   . . .        i - +2 quarterstaff (heavy)
rCold   . . .        (shield currently unavailable)
rNeg    . . .        a - +0 robe
rPois   .            h - +0 helmet
rElec   .            (no cloak)
rCorr   .            (no gloves)
SInv    .            (no boots)
Will    .....        (no amulet)
Stlth   +            (no ring)
HPRegen 0.25/turn    (no ring)
MPRegen 0.11/turn

%: no passive effects
@: confused, slow
A: amphibious, slowness 1, strong legs 1, +LOS
a: Hop


You were on level 3 of the Dungeon.
You visited 1 branch of the dungeon, and saw 3 of its levels.

You collected 83 gold pieces.

Inventory:

Hand Weapons
 d - a +0 short sword
 i - a +2 heavy quarterstaff (weapon)
Armour
 a - a +0 robe (worn)
 h - a +0 helmet (worn)
Scrolls
 b - a scroll of identify {unknown}
 g - 2 scrolls of teleportation {unknown}
 j - a scroll of magic mapping {unknown}
 l - 2 scrolls of silence {unknown}
 m - a scroll of immolation {unknown}
Potions
 c - 2 potions of curing {unknown}
 e - 2 potions of degeneration {unknown}
 f - a potion of haste {unknown}
 k - a potion of cancellation {unknown}


   Skills:
 - Level 2.2 Dodging
 - Level 1.7 Stealth
 + Level 3.0 Spellcasting
 * Level 6.1 Summonings


You had 3 spell levels left.
You knew the following spells:

 Your Spells              Type           Power      Damage    Failure   Level
a - Summon Small Mammal   Summ           92%        N/A       1%          1
b - Call Canine Familiar  Summ           23%        N/A       4%          3
c - Call Imp              Summ           46%        N/A       2%          2

Your spell library contained the following spells:

 Spells                   Type           Power      Damage    Failure   Level
 Summon Guardian Golem    Hex/Summ       13%        N/A       16%         3
 Blink                    Tloc           4%         N/A       26%         2
 Lesser Beckoning         Tloc           4%         N/A       26%         2
 Momentum Strike          Conj/Tloc      4%         3d8       26%         2
 Summon Lightning Spire   Summ/Air       13%        N/A       45%         4


Dungeon Overview and Level Annotations

Branches:
Dungeon (3/15)

Altars:

Annotations:
D:3 Grinder


Innate Abilities, Weirdness & Mutations

You are amphibious.
You cover ground slowly.
You can hop short distances.
You have an extended range of vision and can be seen from far away.


Message History

You feel less confused. Something hits you. Something hits you.
Things that are here:
a +0 club; a +0 leather armour; an orc corpse
Casting: Call Canine Familiar (dangerous; 4% risk of failure)
Confirm with . or Enter, or press ? or * to list all spells.
Something hits you. Something hits you.
You hear some strange, mumbled words.
You are confused.
Are you sure you want to stumble around while confused and next to your hound? [Y]es or [N]o only, please.
Are you sure you want to stumble around while confused and next to your hound? [Y]es or [N]o only, please.
Are you sure you want to stumble around while confused and next to your hound?
You closely miss your hound.
Your hound disappears in a puff of smoke!
You hear some strange, mumbled words.
You are more confused.
A magic dart appears from out of thin air!
The magic dart hits you.
* * * LOW HITPOINT WARNING * * *
You're too confused to move!
Grinder says, "Just stop there for a second..."
Something hits you.
* * * LOW HITPOINT WARNING * * *
You bump into the rock wall.
Something hits you.
* * * LOW HITPOINT WARNING * * *
Something hits you.
* * * LOW HITPOINT WARNING * * *
Something hits you.
* * * LOW HITPOINT WARNING * * *
There are monsters nearby!
You bump into the rock wall.
Something hits you.
* * * LOW HITPOINT WARNING * * *
The orc closely misses you.
Unknown command.
You miss something.
Grinder blinks!
Something hits you.
You die...

### ###########.## ...
####...)5)......#
#####.#######.##ยง#########.##
#..............#o#
#.###.#.###.....@# # #.#
##...### #.# ##..#
#.#####.#####..#
...............#
..#####.#####+## ........#
##...## ..##.#..###.....##
..#..#..##.......##


You could see an orc.

Vanquished Creatures
  2 dart slugs (D:3)
  2 orcs (D:3)
  4 endoplasms
  2 giant cockroaches (D:2)
  2 goblins
  3 hobgoblins
  8 kobolds
  A quokka (D:2)
  4 ball pythons
  2 bats (D:2)
  2 frilled lizards
  5 rats
37 creatures vanquished.

Vanquished Creatures (collateral kills)
  A worm (D:2)
  An endoplasm (D:1)
  2 goblins
  A hobgoblin (D:1)
  2 jackals (D:1)
  A frilled lizard (D:1)
  A kobold (D:2)
  A rat (D:1)
10 creatures vanquished.

Grand Total: 47 creatures vanquished

Notes
Turn   | Place    | Note
-------+----------+-------------------------------------------
     0 | D:1      | ChadusMaximus the Barachi Summoner began the quest for the
                  | Orb.
     0 | D:1      | Reached XP level 1. HP: 13/13 MP: 3/3
   121 | D:1      | Reached skill level 5 in Summonings
   209 | D:1      | Reached XP level 2. HP: 4/19 MP: 5/5
  1133 | D:2      | Reached XP level 3. HP: 17/24 MP: 6/6
  1170 | D:2      | Learned a level 3 spell: Call Canine Familiar
  1173 | D:2      | Learned a level 2 spell: Call Imp
  2029 | D:3      | Reached skill level 6 in Summonings
  2143 | D:3      | Reached XP level 4. HP: 30/30 MP: 8/8
  2144 | D:3      | Noticed Grinder
  2165 | D:3      | HP: 1/30 [something (1)]
  2166 | D:3      | Slain by an orc wizard

Illustrated notes

Levels and vault maps discovered:
D:1:      lemuel_arrival_rhombus, layout_basic
D:2:      layout_loops_corners
D:3:      layout_loops_corners, serial_shops, shop, grunt_decor_one_mirror,
          kennysheep_generic_room_6, uniq_grinder

Skill      XL: |  1  2  3 |
---------------+----------+-----
Summonings     | 5 6 |  6.1
Spellcasting   | 3 |  3.0
Dodging        | |  2.2
Stealth        | |  1.7

Action                     |  1- 3 |  4- 6 || total
---------------------------+-------+-------++-------
  Melee: Unarmed           |    16 |       ||    16
         Short sword       |    61 |       ||    61
         Quarterstaff      |    28 |     6 ||    34
   Cast: Summon Small Mamm |    21 |       ||    21
         Call Canine Famil |       |     1 ||     1
Ability: Hop               |     1 |       ||     1
    Use: Potion            |     1 |       ||     1
   Stab: Distracted        |     1 |       ||     1
         Sleeping          |     4 |       ||     4
 Armour: Robe              |    24 |     5 ||    29
  Dodge: Dodged            |    88 |     1 ||    89
